Map: Mech Depot LE

Players

Pain - Winner!

  • Race: Protoss Protoss
  • Spawn Location: 1:00

A.I. 1 (Easy)

  • Race: Zerg Zerg
  • Spawn Location: 7:00

VOD

Have the link to the VOD?

Description

Time

  • Played on: Sept. 8, 2017, 11:05 p.m.
  • Length: 24:48
Show
View Real Time Build Order
Export as new Build Order

Pain Protoss - Winner!

Build Orders:  

Get SALT Encoding   

  12  0:12  Pylon  
  12  0:34  Probe (Chrono Boost)  
  13  0:41  Gateway  
  13  0:44  Probe (Chrono Boost)  
  14  0:51  Pylon  
  14  0:55  Probe (Chrono Boost)  
  15  1:10  Assimilator  
  15  1:20  Pylon  
  15  1:27  Gateway  
  15  1:31  Zealot  
  17  1:38  Probe (Chrono Boost)  
  18  1:54  Cybernetics Core  
  18  1:58  Zealot  
  18  2:01  Probe (Chrono Boost)  
  21  2:32  Probe (Chrono Boost)  
  22  2:42  Probe (Chrono Boost)  
  23  2:59  Warp Gate (Chrono Boost), Forge  
  23  3:13  Stalker  
  25  3:43  Stalker  
  27  3:53  Pylon  
  27  5:15  Photon Cannon  
  27  5:28  Stalker  
  29  5:29  Stalker  
  31  5:49  Robotics Facility  
  25  6:28  Photon Cannon  
  25  6:31  Stalker  
  25  6:32  Stalker  
  29  6:38  Pylon  
  29  6:43  Observer  
  30  6:59  Twilight Council  
  30  7:15  Protoss Ground Weapons Level 1  
  30  7:26  Assimilator  
  30  7:32  Gateway  
  30  7:47  Nexus  
  30  7:50  Probe  
  31  7:55  Pylon, Assimilator  
  31  8:01  Pylon  
  31  8:02  Probe  
  32  8:20  Pylon  
  32  8:38  Stalker x2  
  36  9:03  Gateway  
  36  9:09  Protoss Ground Armor Level 1  
  36  9:17  Mothership Core  
  38  9:36  Probe  
  38  9:37  Photon Cannon  
  39  9:47  Probe  
  39  9:50  Stargate  
  40  9:58  Probe  
  41  10:03  Pylon x2  
  41  10:08  Probe  
  42  10:18  Photon Cannon  
  42  10:19  Probe  
  43  10:29  Probe  
  44  10:40  Photon Cannon, Probe  
  45  10:44  Assimilator  
  45  10:50  Pylon  
  45  11:04  Protoss Shields Level 1  
  45  11:13  Gateway  
  31  11:29  Stalker  
  31  11:30  Stalker  
  31  11:31  Stalker  
  37  11:50  Probe  
  38  11:57  Pylon  
  38  12:00  Probe  
  39  12:11  Probe  
  40  12:21  Probe  
  41  12:32  Probe  
  41  12:36  Protoss Air Weapons Level 1 (Chrono Boost)  
  42  12:38  Blink  
  42  12:54  Robotics Bay  
  42  12:57  Stalker  
  44  12:58  Stalker  
  44  12:59  Stalker  
  44  13:00  Cybernetics Core  
  48  13:18  Void Ray (Chrono Boost)  
  52  13:20  Probe  
  52  13:21  Pylon  
  53  13:32  Probe  
  54  13:44  Probe  
  55  14:05  Protoss Air Armor Level 1  
  55  14:07  Stalker x2  
  55  14:08  Stalker  
  61  14:10  Stalker  
  61  14:11  Stalker  
  65  14:22  Probe  
  70  14:34  Probe  
  71  14:51  Void Ray (Chrono Boost)  
  67  15:23  Stalker x2  
  67  15:24  Stalker x2  
  67  15:26  Stalker  
  77  16:05  Protoss Shields Level 2  
  55  16:45  Stalker x3  
  55  16:46  Stalker  
  63  16:47  Stalker  
  65  17:28  Void Ray (Chrono Boost)  
  69  17:31  Stalker  
  69  17:35  Stalker  
  69  17:36  Stalker  
  79  18:06  Void Ray (Chrono Boost)  
  79  18:43  Void Ray (Chrono Boost)  
  79  18:52  Stalker x3  
  79  18:53  Stalker x2  
  89  19:20  Void Ray (Chrono Boost)  
  59  19:57  Void Ray (Chrono Boost)  
  58  20:04  Stalker  
  58  20:05  Stalker x3  
  58  20:06  Stalker  
  67  20:27  Mothership Core  
  69  20:46  Pylon  
  69  20:55  Cybernetics Core x2  
  69  21:11  Void Ray (Chrono Boost)  
  73  21:19  Stalker x2  
  73  21:20  Stalker  
  79  21:48  Void Ray (Chrono Boost)  
  83  21:57  Stalker  
  83  21:58  Stalker x2  
  83  21:59  Stalker  
  87  22:25  Void Ray (Chrono Boost)  
  91  22:36  Gateway  
  91  22:42  Gateway  
  91  23:02  Void Ray (Chrono Boost)  
  95  23:40  Void Ray (Chrono Boost)  
  99  24:01  Stalker  
  99  24:02  Stalker  
  103  24:03  Stalker x2  
  103  24:04  Stalker  
Show
View Real Time Build Order
Export as new Build Order

A.I. 1 (Easy) Zerg 

Build Orders: Hatch First 

Get SALT Encoding   

  12  0:01  Drone  
  13  0:12  Overlord  
  13  0:17  Drone  
  14  0:30  Drone  
  14  0:34  Drone  
  16  0:50  Hatchery  
  16  0:53  Drone  
  16  1:09  Spawning Pool  
  15  1:11  Drone  
  15  1:14  Extractor  
  15  1:17  Drone  
  16  1:24  Overlord  
  16  1:56  Zergling x2, Queen  
  16  1:57  Zergling x2  
  16  1:58  Roach Warren  
  16  2:00  Extractor  
  16  2:01  Drone  
  19  2:08  Drone  
  20  2:27  Drone  
  21  2:32  Drone  
  21  2:36  Drone  
  23  2:40  Roach  
  23  2:41  Drone, Roach  
  28  2:47  Drone  
  29  2:51  Drone  
  29  2:57  Overlord  
  30  3:06  Drone  
  30  3:10  Lair  
  31  3:25  Drone  
  32  3:29  Drone  
  34  3:34  Drone  
  34  3:38  Drone  
  35  3:42  Drone  
  35  3:43  Overlord  
  35  3:47  Drone  
  37  3:51  Drone  
  39  3:55  Drone  
  39  3:59  Roach  
  39  4:00  Drone  
  42  4:04  Drone  
  42  4:08  Overlord, Drone  
  42  4:09  Hydralisk Den  
  43  4:12  Drone  
  45  4:17  Drone  
  45  4:21  Drone  
  46  4:25  Drone  
  46  4:27  Roach  
  46  4:29  Overlord  
  49  4:34  Drone  
  51  4:38  Drone  
  51  4:42  Drone  
  52  4:47  Drone  
  52  4:49  Overlord  
  52  4:51  Drone  
  54  4:53  Overseer  
  54  4:55  Drone  
  54  4:58  Roach  
  54  4:59  Infestation Pit  
  56  5:01  Drone, Overseer  
  57  5:08  Drone, Extractor  
  57  5:13  Drone  
  58  5:14  Extractor  
  58  5:17  Drone  
  58  5:21  Drone  
  58  5:22  Overlord  
  58  5:25  Drone  
  58  5:27  Hydralisk  
  62  5:30  Drone  
  63  5:38  Drone  
  64  5:43  Drone  
  64  5:47  Drone  
  66  5:56  Hydralisk  
  66  6:25  Infestor  
  68  6:54  Zergling x2  
  69  7:22  Hydralisk  
  71  8:11  Overlord, Overseer  
  71  9:33  Hatchery  
  70  10:10  Overlord, Overseer  
  70  10:30  Zergling x2, Overlord  
  70  10:31  Pneumatized Carapace, Overseer  
  70  10:32  Evolution Chamber  
  70  10:37  Zergling x2  
  70  10:38  Spire  
  70  10:43  Zergling x2  
  70  10:46  Drone  
  72  10:50  Zergling x2, Drone  
  72  10:55  Drone  
  72  10:57  Zergling x2  
  76  10:58  Extractor  
  76  10:59  Drone  
  76  11:00  Zerg Melee Weapons Level 1  
  76  11:03  Zergling x2  
  77  11:07  Extractor  
  77  11:08  Drone  
  77  11:12  Zergling x2  
  59  11:50  Mutalisk  
  61  11:56  Mutalisk  
  63  12:03  Mutalisk  
  65  12:09  Mutalisk  
  67  12:55  Zerg Ground Armor Level 1  
  67  14:10  Hatchery  
  68  14:24  Roach  
  68  14:25  Zerg Flyer Weapons Level 1  
  68  14:30  Hydralisk  
  70  14:38  Roach  
  70  14:45  Hydralisk  
  72  14:48  Zerg Melee Weapons Level 2  
  74  14:53  Roach  
  74  14:59  Overseer  
  66  15:00  Roach  
  66  15:03  Overlord, Overseer  
  63  15:07  Roach  
  65  15:15  Hydralisk, Ravager  
  68  15:22  Drone, Hydralisk  
  71  15:30  Zergling x2  
  71  15:34  Extractor  
  71  15:36  Drone  
  71  15:37  Roach  
  71  15:39  Extractor  
  71  15:41  Drone  
  74  15:44  Roach, Ravager  
  77  16:10  Hydralisk  
  68  16:19  Overlord, Zerg Flyer Armor Level 1  
  68  16:25  Zergling x2, Drone  
  67  16:32  Roach  
  61  16:39  Drone, Roach  
  59  16:43  Drone  
  59  16:47  Drone, Roach  
  58  16:52  Drone  
  54  16:56  Drone  
  54  17:00  Drone, Hydralisk  
  54  17:05  Drone, Zerg Missile Weapons Level 1  
  55  17:09  Drone  
  55  17:13  Drone, Roach  
  54  17:18  Drone  
  54  17:20  Overlord, Hydralisk  
  56  17:22  Drone  
  56  17:27  Drone  
  56  17:28  Roach  
  55  17:38  Overlord, Roach  
  55  17:39  Drone  
  55  17:43  Drone  
  58  17:45  Hydralisk  
  58  17:48  Drone, Overseer  
  61  17:52  Drone  
  61  17:55  Overseer  
  61  17:58  Overlord, Ravager  
  62  17:59  Mutalisk, Ravager  
  65  18:10  Zergling x2  
  63  18:16  Overlord, Roach  
  63  18:18  Drone  
  63  18:19  Hatchery  
  57  18:22  Drone, Roach  
  57  18:26  Drone  
  53  18:28  Roach  
  53  18:29  Extractor  
  53  18:31  Drone  
  50  18:34  Roach  
  50  18:36  Drone  
  50  18:40  Drone, Roach  
  50  18:44  Drone  
  50  18:47  Extractor  
  43  18:49  Drone  
  43  18:53  Drone  
  43  18:55  Roach  
  47  18:58  Drone, Zerg Ground Armor Level 2  
  47  19:02  Overseer  
  44  19:03  Drone  
  44  19:07  Drone  
  44  19:08  Hydralisk  
  48  19:11  Drone  
  48  19:15  Hatchery  
  48  19:16  Drone  
  49  19:19  Extractor  
  49  19:20  Drone  
  49  19:23  Zergling x2  
  50  19:25  Drone  
  50  19:30  Drone  
  48  19:31  Roach  
  48  19:33  Overseer  
  48  19:34  Drone  
  48  19:37  Roach  
  44  19:39  Drone  
  44  19:43  Drone, Roach  
  42  19:48  Drone  
  42  19:50  Roach  
  41  19:55  Roach  
  41  19:56  Drone  
  44  20:00  Drone  
  44  20:01  Roach  
  44  20:04  Drone  
  44  20:06  Hydralisk  
  48  20:08  Hatchery  
  48  20:09  Drone  
  48  20:12  Hydralisk  
  48  20:13  Drone, Extractor  
  52  20:18  Drone  
  53  20:22  Drone, Extractor  
  53  20:26  Drone  
  53  20:27  Hydralisk  
  56  20:30  Drone  
  56  20:32  Overlord  
  56  20:35  Drone  
  58  20:39  Drone  
  58  20:42  Zergling x2  
  60  20:43  Drone  
  60  20:48  Drone  
  62  20:52  Drone  
  62  20:56  Drone  
  64  21:00  Drone  
  64  21:01  Roach  
  64  21:03  Overlord, Overseer  
  60  21:05  Drone, Overseer  
  61  21:14  Zerg Missile Weapons Level 2  
  61  21:20  Drone  
  61  21:21  Hydralisk  
  61  21:22  Hive, Overlord  
  64  21:40  Overlord, Overseer  
  64  21:58  Zergling x2  
  64  21:59  Overlord, Drone  
  60  22:03  Drone  
  60  22:08  Drone  
  46  22:12  Drone, Hydralisk  
  49  22:17  Overlord, Drone  
  49  22:22  Drone  
  51  22:26  Drone  
  52  22:36  Zergling x2, Overlord  
  53  22:39  Ultralisk Cavern  
  53  22:40  Drone  
  44  22:44  Drone  
  44  22:49  Drone  
  44  22:51  Roach  
  46  22:53  Drone  
  46  22:57  Drone  
  47  23:02  Drone  
  47  23:04  Mutalisk  
  50  23:09  Drone  
  50  23:17  Overlord, Drone  
  50  23:19  Zergling x2  
  51  23:21  Hatchery  
  51  23:22  Drone  
  47  23:27  Drone  
  47  23:31  Drone, Extractor  
  47  23:32  Hatchery  
  47  23:34  Roach  
  38  23:35  Drone  
  38  23:40  Drone  
  25  23:44  Drone  
  25  23:47  Mutalisk, Extractor  
  27  23:48  Drone  
  27  23:53  Drone, Queen  
  29  23:57  Drone  
  29  23:58  Hatchery  
  29  24:01  Drone  
  29  24:02  Zergling x2  
  30  24:14  Drone  
  29  24:24  Roach  
  29  24:26  Overlord x3  
  18  24:35  Drone  
Tags
 
Matchup
PvZ
Replay Pack
RP
Spawn Locations
Cross Positions
Add a new tag
Caveats
  • Supply blocks, unpowered buildings, or Contaminate may cause inaccurate times.
  • Supply counts are checked every 10 seconds.